 Seeded DCSS version 0.29.1-1-gd02db6906a (webtiles) character file.

Game seed: 18446744073709551615 (custom seed)

25 lonewolfV2 the Slasher (level 2, 0/23 HPs)
             Began as a Demonspawn Gladiator on Oct 20, 2022.
             Slain by a jackal (2 damage)
             ... on level 2 of the Dungeon.
             The game lasted 00:01:05 (1114 turns).

lonewolfV2 the Slasher (Demonspawn Gladiator)       Turns: 1114, Time: 00:01:06

Health: 0/23       AC:  3    Str: 14    XL:     2   Next: 82%
Magic:  2/2        EV:  9    Int:  9    God:
Gold:   43         SH:  0    Dex: 14    Spells: 1/1 levels left

rFire   . . .      SeeInvis .   a - +0 long sword
rCold   . . .      Faith    .   (no shield)
rNeg    . . .      Spirit   .   b - +0 leather armour
rPois   .          Reflect  .   (helmet restricted)
rElec   .          Harm     .   (no cloak)
rCorr   .          Rampage  .   (no gloves)
Will    .....                   (no boots)
Stlth   +.........              (no amulet)
HPRegen 0.07/turn               (no ring)
MPRegen 0.08/turn               (no ring)

@: constricted
A: antennae 1
a: no special abilities


You were on level 2 of the Dungeon.
You visited 1 branch of the dungeon, and saw 2 of its levels.

You collected 43 gold pieces.

Inventory:

Hand Weapons
 a - a +0 long sword (weapon)
Missiles
 d - 3 throwing nets (quivered)
 e - a javelin
Armour
 b - a +0 leather armour (worn)
 c - a +0 helmet
Scrolls
 f - 2 scrolls of identify {unknown}
 g - a scroll of magic mapping {unknown}
 j - 2 scrolls of noise {unknown}
 k - a scroll of torment {unknown}
Potions
 h - 3 potions of degeneration {unknown}
 i - a potion of curing {unknown}
 l - a potion of haste {unknown}


   Skills:
 + Level 2.4 Fighting
 + Level 3.0 Long Blades
 + Level 2.1 Throwing
 + Level 3.0 Dodging


You had one spell level left.
You didn't know any spells.
Your spell library contained the following spells:

 Spells                   Type           Power      Damage    Failure   Level
 Summon Guardian Golem    Hex/Summ       0%         N/A       83%         3
 Orb of Destruction       Conj           0%         9d5       100%        7
 Spellforged Servitor     Conj/Summ      0%         N/A       100%        7


Dungeon Overview and Level Annotations

Branches:
Dungeon (2/15)

Altars:


Innate Abilities, Weirdness & Mutations

You have a pair of small antennae on your head.


Message History

A jackal is nearby!
A jackal is nearby!
A jackal is nearby!
A hobgoblin and a ball python come into view.
Found 9 gold pieces.
The hobgoblin shouts!
The ball python hisses angrily.
You hear an angry hiss.
A jackal comes into view.
The jackal closely misses you. The jackal barely misses you.
You slash the jackal!
You kill the jackal!
A ball python comes into view.
A hobgoblin comes into view.
The jackal closely misses you.
You see here a jackal corpse.
You barely miss the jackal.
The hobgoblin shouts!
The hobgoblin hits you. The jackal completely misses you.
The ball python barely misses you. The ball python misses you.
The hobgoblin barely misses you. The ball python bites you.
The ball python barely misses you. The jackal barely misses you.
You hit the ball python but do no damage.
The ball python barely misses you. The ball python grabs you.
The ball python constricts you. The hobgoblin barely misses you.
The jackal bites you. The ball python barely misses you.
The ball python bites you. The ball python constricts you.
The hobgoblin hits you. The jackal barely misses you.
You barely miss the ball python. The ball python closely misses you.
The jackal bites you. The ball python bites you.
The ball python constricts you. The ball python closely misses you.
The hobgoblin hits you.
You barely miss the ball python. The jackal bites you.
* * * LOW HITPOINT WARNING * * *
The ball python bites you.
* * * LOW HITPOINT WARNING * * *
The ball python constricts you.
* * * LOW HITPOINT WARNING * * *
The ball python bites you.
* * * LOW HITPOINT WARNING * * *
The hobgoblin closely misses you. The jackal bites you.
You die...

.. .# .# ### #####.#
.... ..... .... #...#
###..# #...# ......###
###.hg### .
#....<#####...@Sg.#...
..#####.....#....S....#
......††.<..#......#..$.
..######.....>.....# ##.
#.......##......#
#.......##......#
#.......##.######
#####...##.# #...##.#


You could see a jackal, 2 hobgoblins and 2 ball pythons.

Vanquished Creatures
  2 ball pythons (D:1)
  2 endoplasms (D:1)
  4 goblins (D:1)
  3 hobgoblins
  A jackal (D:2)
  2 kobolds (D:1)
  3 bats (D:1)
  2 frilled lizards
  3 rats (D:1)
22 creatures vanquished.

Notes
Turn   | Place    | Note
-------+----------+-------------------------------------------
     0 | D:1      | lonewolfV2 the Demonspawn Gladiator began the quest for the
                  | Orb.
     0 | D:1      | Reached XP level 1. HP: 16/16 MP: 1/1
   169 | D:1      | Gained mutation: You have a pair of small antennae on your
                  | head. [demonic ancestry]
   169 | D:1      | Reached XP level 2. HP: 22/22 MP: 2/2
  1114 | D:2      | Slain by a jackal

Illustrated notes

Levels and vault maps discovered:
D:1:      dpeg_arrival_brainrot, layout_loops_ring
D:2:      layout_basic, hellmonk_ecumenical_altar_inner_sanctum,
          minmay_fountain_box, minmay_domino_2, uniq_natasha

Skill      XL: |  1  2 |
---------------+-------+-----
Throwing       | 2 |  2.1
Long Blades    | 3 |  3.0
Dodging        | 3 |  3.0
Fighting       | |  2.4

Action                   || total
-------------------------++-------
Melee: Long sword        ||    50
       Punch             ||     1
Armor: Leather armour    ||    14
Dodge: Dodged            ||    49
